 Dungeon Crawl Stone Soup version 0.29.1-1-gd02db6906a (webtiles) character file.

Game seed: 605500058621562958

4 Icepheonix32 the Caller (level 1, -1/13 HPs)
             Began as a Merfolk Summoner on Oct 9, 2022.
             Slain by a quokka (5 damage)
             ... on level 1 of the Dungeon.
             The game lasted 00:00:28 (211 turns).

Icepheonix32 the Caller (Merfolk Summoner)           Turns: 211, Time: 00:00:28

Health: -1/13      AC:  2    Str:  8    XL:     1   Next: 60%
Magic:  0/3        EV: 12    Int: 14    God:
Gold:   0          SH:  0    Dex: 14    Spells: 3/4 levels left

rFire   + . .      SeeInvis .   (no weapon)
rCold   + . .      Faith    .   (no shield)
rNeg    . . .      Spirit   .   a - +0 robe
rPois   +          Reflect  .   (no helmet)
rElec   +          Harm     .   (no cloak)
rCorr   +          Rampage  .   (no gloves)
Will    .....                   (no boots)
Stlth   ++........              (no amulet)
HPRegen 0.04/turn               (no ring)
MPRegen 0.08/turn               (no ring)

@: resistant
A: (nimble swimmer 2), mertail
a: no special abilities


You were on level 1 of the Dungeon.
You visited 1 branch of the dungeon, and saw 1 of its levels.

Inventory:

Armour
 a - a +0 robe (worn)
Potions
 b - a potion of magic


   Skills:
 - Level 2.6 Dodging
 - Level 2.1 Stealth
 - Level 2.0 Spellcasting
 + Level 4.2 Summonings


You had 3 spell levels left.
You knew the following spells:

 Your Spells              Type           Power      Damage    Failure   Level
a - Summon Small Mammal   Summ           52%        N/A       4%          1

Your spell library contained the following spells:

 Spells                   Type           Power      Damage    Failure   Level
 Call Imp                 Summ           13%        N/A       6%          2
 Call Canine Familiar     Summ           13%        N/A       13%         3
 Summon Guardian Golem    Hex/Summ       7%         N/A       30%         3
 Summon Lightning Spire   Summ/Air       7%         N/A       69%         4


Dungeon Overview and Level Annotations

Branches:
Dungeon (1/15)

Altars:


Innate Abilities, Weirdness & Mutations

((You are very nimble when in or above water. (Stealth+, EV+, Speed+++)))
Your lower body shifts to a powerful aquatic tail in water.


Message History

Confirm with . or Enter, or press ? or * to list all spells.
You don't have enough magic to cast this spell.
Unknown command.
The ball python bites you but does no damage.
The ball python closely misses you. The ball python barely misses you.
The ball python grabs you. The ball python constricts you. The rat bites you.
You escape the ball python's grasp.
The quokka attacks as you move away! The quokka closely misses you.
Your bat hits the endoplasm. The quokka bites you. The rat closely misses you.
Your bat misses the rat. The ball python bites your rat.
Your rat dies!
Your rat's corpse disappears in a puff of smoke!
The quokka bites you but does no damage.
The frilled lizard barely misses your bat.
Casting: Summon Small Mammal (safe; 4% risk of failure)
Confirm with . or Enter, or press ? or * to list all spells.
The quokka closely misses you. The rat completely misses your bat.
The endoplasm hits you but does no damage.
Your bat hits the quokka but does no damage.
Your bat hits the endoplasm. x2; Your bat hits the rat.
The ball python barely misses you. The ball python grabs you.
The ball python constricts you. The endoplasm misses your bat.
You escape the ball python's grasp.
The ball python attacks as you move away!
The ball python barely misses you. The quokka attacks as you move away!
The quokka bites you but does no damage.
Your bat hits the endoplasm but does no damage. x2
The frilled lizard barely misses your bat.
You barely miss the quokka. Your bat hits the rat.
The rat dies!
The quokka closely misses you.
Your bat barely misses the endoplasm.
The frilled lizard bites your bat.
Your bat dies!
Your bat's corpse disappears in a puff of smoke!
The quokka bites you.
It was a potion of resistance.
You feel protected.
The ball python bites you but does no damage.
The ball python misses you. The quokka bites you.
You die...

#....###### ...#
#.........# ...##
#..##.†...## #.....
#..##......## .....
#....÷###...##...#
#....##.#......[#
..####..##......#
....###..#...÷.###
.........###<.÷#@## #
...........#####rS##.#..
................b.......
#####...........†J..##..
#......#.....l......
#####.##.§..........
#.##.)......#...
#.##......>.###.
#.##..........


You could see an endoplasm (distracted), a quokka (ally target), a ball python,
a frilled lizard and a friendly bat (summoned).

Vanquished Creatures (collateral kills)
  A giant cockroach (D:1)
  A kobold (D:1)
  2 rats (D:1)
4 creatures vanquished.

Notes
Turn   | Place    | Note
-------+----------+-------------------------------------------
     0 | D:1      | Icepheonix32 the Merfolk Summoner began the quest for the
                  | Orb.
     0 | D:1      | Reached XP level 1. HP: 13/13 MP: 3/3
   211 | D:1      | Slain by a quokka

Illustrated notes

Levels and vault maps discovered:
D:1:      amcnicky_arrival_wind_blow, layout_rooms

Action                   || total
-------------------------++-------
Melee: Unarmed           ||    22
 Cast: Summon Small Mamm ||     7
  Use: Potion            ||     1
Armor: Robe              ||    12
Dodge: Dodged            ||    25
